 Dungeon Crawl Stone Soup version 0.21.1-1-g345015f (webtiles) character file.

19699 Krilegs the Severer (level 12, -1/110 HPs)
             Began as a Minotaur Berserker on May 7, 2018.
             Was an Elder of Trog.
             Slain by a red devil
             ... wielding a +0 trident
             ... summoned by an orc sorcerer
              (6 damage)
             ... on level 2 of the Orcish Mines.
             The game lasted 00:46:04 (10142 turns).

Krilegs the Severer (Minotaur Berserker)           Turns: 10142, Time: 00:46:09

Health: -1/110     AC: 21    Str: 26    XL:     12   Next: 38%
Magic:  11/11      EV:  9    Int:  4    God:    Trog [****..]
Gold:   1449       SH:  4    Dex: 16    Spells: 11/11 levels left

rFire    . . .     SeeInvis .   s - +8 battleaxe (flame)
rCold    . . .     Gourm    .   (shield currently unavailable)
rNeg     . . .     Faith    .   h - +1 plate armour
rPois    .         Spirit   .   (helmet restricted)
rElec    .         Reflect  .   (no cloak)
rCorr    .         Harm     .   p - +2 pair of gloves
MR       ++...                  b - +0 pair of boots
Stlth    ..........             (no amulet)
HPRegen  1.28/turn              r - +2 ring of dexterity
MPRegen  0.12/turn              o - +3 ring of dexterity

@: regenerating, drained
A: retaliatory headbutt, hooves 1, horns 2, large bone plates 1, subdued magic 1
a: Berserk, Trog's Hand, Brothers in Arms, Burn Spellbooks, Renounce Religion


You were on level 2 of the Orcish Mines.
You worshipped Trog.
Trog was greatly pleased with you.
You were not hungry.

You visited 2 branches of the dungeon, and saw 12 of its levels.

You collected 1449 gold pieces.

Inventory:

Hand Weapons
 g - a +1 vampiric broad axe
 s - a +8 battleaxe of flaming (weapon)
 v - a +0 war axe
 y - a +0 battleaxe
Missiles
 w - 19 stones (quivered)
Armour
 b - a +0 pair of boots (worn)
 h - a +1 plate armour (worn)
 l - a +0 shield
 p - a +2 pair of gloves (worn)
Jewellery
 o - a +3 ring of dexterity (right hand)
 r - a +2 ring of dexterity (left hand)
Wands
 a - a wand of clouds (5)
 e - a wand of acid (6)
 k - a wand of polymorph (8)
 m - a wand of flame (26)
 q - a wand of random effects (63)
 z - a wand of iceblast (2)
Scrolls
 d - 3 scrolls of remove curse
 f - 6 scrolls of identify
 n - a scroll of fog
 t - a scroll of teleportation
 u - a scroll of immolation
Potions
 i - a potion of cancellation
 j - 2 potions of curing
 x - a potion of lignification {unknown}
Comestibles
 c - 10 rations


   Skills:
 + Level 11.1(10.3) Fighting
 + Level 16.3(15.4) Axes
 + Level 11.9(11.1) Armour
 + Level 3.2(2.6) Dodging
 + Level 0.3(0.0) Stealth
 + Level 7.9(7.2) Shields


You had 11 spell levels left.
You didn't know any spells.

Dungeon Overview and Level Annotations

Branches:
Dungeon (10/15)            Temple (0/1) D:4             Orc (2/2) D:10
    Elf (0/3) Orc:2
   Lair: D:8-11

Altars:
Okawaru
Beogh

Shops:
D:7 *   D:9 [


Innate Abilities, Weirdness & Mutations

You reflexively headbutt those who attack you in melee.
You have a pair of horns on your head.
You have large cloven feet.
You are partially covered in large bone plates. (SH +4)
Your spells are a little easier to cast, but a little less powerful.


Message History

The red devil hits you with a trident.
You miss the red devil. Your headbutt misses the red devil.
The red devil hops backward while attacking.
The red devil hits you from afar with a trident.
You slice the sun demon!!
The sun demon is heavily wounded.
The sun demon hits you!
You are engulfed in flames!
The red devil hits you but does no damage.
Your plate armour prevents you from hitting the sun demon.
The sun demon is heavily wounded.
The sun demon hits you.
You are engulfed in flames!
* * * LOW HITPOINT WARNING * * *
Your skin crawls.
You feel resistant to hostile enchantments.
You feel somewhat more hungry. The sun demon hits you!
* * * LOW HITPOINT WARNING * * *
You are engulfed in flames!
* * * LOW HITPOINT WARNING * * *
The red devil hits you from afar with a trident.
You die...

............................###..
............................##...
............................###.#
.......##.....##.......#.....#...
.......##.....##.............##..
......................[##.#.###..
...................÷..)[)..#...#.
.......##.....##................#
..)))..##.....##@..............##
...[..#.......oo3.........#.#.##
..)))..≈≈..§.§4≈#...>........##
..§≈§≈≈##§...§##≈≈≈≈§.§.....##
§≈§≈≈≈≈##≈§§.≈##≈≈≈≈§≈§≈#...#
§≈≈###≈≈≈≈§).§§≈§###§≈≈≈≈..##
≈### ###§§§.§≈§### ###§≈≈≈## ≈#
#≈≈§.§§§# #≈#### ## ##≈...≈## ###
#


You could see a sun demon, an orc sorcerer, a red devil and an orc.

Vanquished Creatures
  Saint Roka (Orc:2)
  An ogre mage (Orc:2)
  An orc high priest (Orc:1)
  The ghost of MordorOrchid the Basher, a novice HOWn of Hepliaklqana (D:6)
  An orc knight (Orc:1)
  4 orc sorcerers
  Maurice (Orc:2)
  3 trolls
  Grinder (D:5)
  3 hippogriffs
  2 hogs (D:8)
  4 hungry ghosts
  2 wargs (Orc:1)
  16 soldier ants (D:9)
  12 orc warriors
  2 ice beasts
  A sky beast (D:10)
  3 necrophages
  3 ogres
  4 centaurs
  A crocodile (D:10)
  A gnoll sergeant (D:9)
  4 bullfrogs
  8 killer bees
  5 wights (D:7)
  5 howler monkeys
  2 crimson imps
  2 quasits
  A bullfrog zombie (D:5)
  9 orc priests
  4 jellies
  5 hounds
  A bullfrog skeleton (D:4)
  5 centaur skeletons
  Jessica (D:2)
  3 iguanas
  11 orc wizards
  22 worker ants
  Terence (D:2)
  A killer bee zombie (D:7)
  9 gnolls
  12 adders
  8 river rats (D:7)
  3 shadow imps
  2 oozes
  An adder zombie (D:2)
  2 worms (D:4)
  2 dart slugs
  6 leopard geckos
  56 orcs
  A ball python (D:2)
  4 giant cockroaches
  10 hobgoblins
  15 jackals
  11 quokkas
  13 bats
  4 frilled lizards
  12 goblins
  A jackal zombie (D:9)
  9 kobolds
  26 rats
  A plant (D:7)
366 creatures vanquished.

Vanquished Creatures (collateral kills)
  Fannar (D:10)
  A two-headed ogre (D:9)
  A queen ant (D:9)
  An orc knight (Orc:1)
  2 hogs (D:8)
  A human (D:8)
  4 soldier ants (D:9)
  2 orc warriors (Orc:1)
  A phantom (D:9)
  3 ogres
  An orc wizard (D:9)
  2 worker ants (D:9)
  4 orcs (Orc:1)
  A jackal (D:9)
25 creatures vanquished.

Vanquished Creatures (others)
  A plant (D:9)
1 creature vanquished.

Grand Total: 392 creatures vanquished

Notes
Turn   | Place    | Note
-------+----------+-------------------------------------------
     0 | D:1      | Krilegs the Minotaur Berserker began the quest for the Orb.
     0 | D:1      | Reached XP level 1. HP: 19/19 MP: 0/0
   262 | D:1      | Reached XP level 2. HP: 26/27 MP: 1/1
   356 | D:1      | Reached skill level 4 in Axes
   577 | D:1      | Reached ** piety under Trog
   830 | D:2      | Reached XP level 3. HP: 30/33 MP: 2/2
   880 | D:2      | Reached XP level 4. HP: 41/41 MP: 3/3
  1136 | D:2      | Noticed Terence
  1136 | D:2      | Noticed Jessica
  1139 | D:2      | Reached skill level 5 in Axes
  1142 | D:2      | Killed Jessica
  1144 | D:2      | Killed Terence
  1144 | D:2      | Reached XP level 5. HP: 47/47 MP: 4/4
  1178 | D:2      | Reached *** piety under Trog
  1312 | D:3      | Found a faded altar of an unknown god.
  1569 | D:3      | Gained mutation: Your spells are a little easier to cast, but a little less powerful. [potion of mutation]
  1569 | D:3      | Gained mutation: You have large cloven feet. [potion of mutation]
  1569 | D:3      | Gained mutation: You are partially covered in large bone plates. (SH +4) [potion of mutation]
  1624 | D:4      | Found a staircase to the Ecumenical Temple.
  1844 | D:4      | Reached skill level 6 in Axes
  2064 | D:4      | Reached XP level 6. HP: 55/55 MP: 5/5
  2069 | D:4      | Reached skill level 5 in Fighting
  2365 | D:5      | Entered Level 5 of the Dungeon
  2483 | D:5      | Reached skill level 7 in Axes
  2703 | D:5      | Reached skill level 5 in Armour
  2703 | D:5      | Reached XP level 7. HP: 53/61 MP: 6/6
  2889 | D:5      | Noticed Grinder
  2895 | D:5      | Paralysed by Grinder for 6 turns
  2907 | D:5      | Killed Grinder
  2907 | D:5      | Reached skill level 8 in Axes
  3343 | D:6      | Noticed MordorOrchid's ghost (novice HOWn)
  3375 | D:6      | Reached XP level 8. HP: 29/70 MP: 7/7
  3380 | D:6      | HP: 3/70 [MordorOrchid's ghost (13)]
  3395 | D:6      | Killed MordorOrchid's ghost
  3395 | D:6      | Reached skill level 9 in Axes
  3859 | D:6      | Reached skill level 10 in Axes
  4032 | D:6      | Reached XP level 9. HP: 74/77 MP: 8/8
  4292 | D:7      | Reached **** piety under Trog
  4334 | D:7      | Found Pist's Assorted Antiques.
  4931 | D:7      | Reached skill level 11 in Axes
  5662 | D:8      | Found a flagged portal.
  5880 | D:8      | Reached skill level 10 in Armour
  5895 | D:8      | Reached skill level 1 in Shields
  6089 | D:8      | Reached skill level 12 in Axes
  6100 | D:8      | Found an iron altar of Okawaru.
  6632 | D:9      | Reached XP level 10. HP: 87/87 MP: 9/9
  6646 | D:9      | Reached ***** piety under Trog
  7045 | D:9      | Found Kyobat's Antique Armour Shop.
  7071 | D:9      | Noticed a two-headed ogre
  7087 | D:9      | Killed a two-headed ogre
  7180 | D:9      | Reached skill level 5 in Shields
  7203 | D:9      | Noticed a queen ant
  7217 | D:9      | Reached skill level 13 in Axes
  7231 | D:9      | Killed a queen ant
  7501 | D:9      | Reached XP level 11. HP: 83/97 MP: 10/10
  7761 | D:10     | Entered Level 10 of the Dungeon
  8291 | D:10     | Found a staircase to the Orcish Mines.
  8292 | D:10     | Noticed Fannar
  8331 | D:10     | Killed Fannar
  8331 | D:10     | Reached skill level 14 in Axes
  8347 | D:10     | Identified a scroll of acquirement
  8392 | D:10     | Found a roughly hewn altar of Beogh.
  8419 | Orc:1    | Entered Level 1 of the Orcish Mines
  8419 | Orc:1    | Noticed an orc knight
  8429 | Orc:1    | Killed an orc knight
  8474 | Orc:1    | Noticed an orc high priest
  8480 | Orc:1    | Killed an orc high priest
  8481 | Orc:1    | Found a roughly hewn altar of Beogh.
  8889 | Orc:1    | Found a roughly hewn altar of Beogh.
  8889 | Orc:1    | Noticed an orc sorcerer
  8899 | Orc:1    | Killed an orc sorcerer
  8899 | Orc:1    | Reached skill level 10 in Fighting
  9070 | Orc:1    | Noticed an orc knight
  9072 | Orc:1    | Noticed an orc sorcerer
  9078 | Orc:1    | Killed an orc knight
  9095 | Orc:1    | Killed an orc sorcerer
  9095 | Orc:1    | Reached skill level 15 in Axes
  9500 | Orc:2    | Entered Level 2 of the Orcish Mines
  9702 | Orc:2    | Noticed Maurice
  9708 | Orc:2    | Killed Maurice
  9733 | Orc:2    | Noticed an orc sorcerer
  9752 | Orc:2    | Killed an orc sorcerer
  9777 | Orc:2    | Found a staircase to the Elven Halls.
  9844 | Orc:2    | Noticed Saint Roka
  9863 | Orc:2    | Killed Saint Roka
  9863 | Orc:2    | Reached skill level 16 in Axes
  9863 | Orc:2    | Reached XP level 12. HP: 99/108 MP: 11/11
 10106 | Orc:2    | Noticed an ogre mage
 10111 | Orc:2    | Killed an ogre mage
 10142 | Orc:2    | HP: 5/110 [sun demon[an orc sorcerer] (12)]
 10142 | Orc:2    | Slain by a red devil

Skill      XL: |  1  2  3  4  5  6  7  8  9 10 11 12 |
---------------+-------------------------------------+-----
Fighting       | 4 5 6 7 9 10 11 | 11.1
Axes           | 4 5 6 7 8 10 12 13 16 | 16.3
Armour         | 3 4 5 6 8 10 11 | 11.9
Dodging        | 3 |  3.2
Shields        | 2 6 7 |  7.9
Stealth        | |  0.3

Action                   |  1- 3 |  4- 6 |  7- 9 | 10-12 || total
-------------------------+-------+-------+-------+-------++-------
Melee: Hand axe          |    61 |   152 |   369 |    79 ||   661
       Headbutt          |    12 |    34 |    85 |   115 ||   246
       War axe           |       |       |       |   196 ||   196
       Battleaxe         |       |       |       |   135 ||   135
Invok: Berserk           |       |     3 |     7 |     4 ||    14
       Trog's Hand       |       |     1 |     1 |     9 ||    11
       Burn Spellbooks   |       |       |     3 |       ||     3
       Brothers in Arms  |       |       |     2 |    11 ||    13
  Use: Potion            |       |     8 |    10 |     2 ||    20
       Scroll            |       |     4 |     9 |     5 ||    18
  Eat: Chunk             |       |     5 |     6 |     1 ||    12
       Ration            |       |     1 |     6 |     8 ||    15
Armor: Animal skin       |     1 |       |       |       ||     1
       Plate armour      |    37 |   128 |   192 |   184 ||   541
       Leather armour    |     5 |       |       |       ||     5
Dodge: Dodged            |    46 |    88 |   121 |   122 ||   377
Block: Other             |       |     7 |    40 |    21 ||    68
       Shield            |       |       |    59 |   200 ||   259
